AoeStats
← Moialediaz

Arena

509747864Analyzed
1v1 RM · 5d ago on Sep 27, 2026· 55m 43s· 2 players
Game mode
Random Map
Map size
Tiny (2 player)
Population
200
Speed
Normal
Resources
Standard
Victory
Conquest
Starting age
Dark Age
Ending age
Imperial Age
RankedLock teamsTeams togetherTeam positionsShared explorationLock speedFull tech treeHidden civsTurbo modeCheats
Victory
Defeat
🇺🇸 Burgundians · United States
734
+41
🇨🇱 Italians · Chile
762
-38
Kryptos
0:42 Loom
13:52 Feudal Age
12:08 Horse Collar
12:46 Double-Bit Axe
14:38 Wheelbarrow
14:48 Heavy Plow
15:02 Bow Saw
19:58 Castle Age
19:44 Scale Barding Armor
19:50 Forging
20:12 Hand Cart
21:22 Crop Rotation
21:54 Two-Man Saw
20:47 Gold Mining
22:34 Husbandry
21:55 Light Cavalry
24:55 Fervor
26:29 Chain Barding Armor
27:05 Iron Casting
28:38 Stone Mining
29:24 Gold Shaft Mining
31:14 Stone Shaft Mining
35:18 Imperial Age
33:37 Town Watch
33:56 Padded Archer Armor
33:23 Cavalier
35:36 Burgundian Vineyards
35:14 Crossbowman
35:15 Elite Skirmisher
36:43 Town Patrol
37:15 Conscription
37:21 Conscription
39:42 Hoardings
40:13 Blast Furnace
46:46 Hussar
47:22 Capped Ram
50:37 Chemistry
49:57 Ballistics
49:18 Treadmill Crane
51:56 Arson
52:12 Squires
Moialediaz
12:45 Feudal Age
13:11 Double-Bit Axe
13:08 Horse Collar
13:20 Gold Mining
13:21 Stone Mining
14:30 Wheelbarrow
20:43 Castle Age
21:54 Bow Saw
26:12 Stone Shaft Mining
26:08 Man-at-Arms
26:14 Crossbowman
30:11 Hand Cart
33:26 Imperial Age
32:51 Padded Archer Armor
32:43 Fletching
33:51 Arson
34:06 Bodkin Arrow
34:16 Bodkin Arrow
34:04 Treadmill Crane
34:53 Ballistics
37:39 Pirotechnia
50:01 Town Watch
50:15 Town Watch
50:18 Loom
51:52 Two-Man Saw
50:55 Heavy Plow
51:09 Masonry
50:55 Murder Holes
51:10 Fortified Wall
50:50 Guard Tower
52:02 Chemistry
50:47 Arrowslits
53:19 Town Patrol
Connection lost

Rejoining the realm…

Still unreachable

The connection could not be restored.

Session expired

The server has moved on; the page needs a fresh start.